AoeStats
← ASPROS

Scandinavia

510846365Analyzed
1v1 RM · 13h ago on Oct 2, 2026· 71m 52s· 2 players
Game mode
Random Map
Map size
Tiny (2 player)
Population
200
Speed
Normal
Resources
Standard
Victory
Conquest
Starting age
Dark Age
Ending age
Imperial Age
RankedLock teamsTeams togetherTeam positionsShared explorationLock speedFull tech treeHidden civsTurbo modeCheats
Victory
Defeat
🇵🇪 Persians · Peru
960
+15
🇧🇷 Varangians · Brazil
935
-15
Cesar
7:52 Loom
11:14 Feudal Age
19:44 Castle Age
18:18 Double-Bit Axe
18:14 Horse Collar
18:27 Gold Mining
18:49 Forging
18:55 Bloodlines
20:26 Scale Barding Armor
20:47 Husbandry
26:28 Bow Saw
34:17 Wheelbarrow
33:28 Town Watch
36:31 Hand Cart
36:17 Town Patrol
36:21 Heavy Plow
36:14 Stone Mining
37:02 Iron Casting
36:48 Chain Barding Armor
47:02 Imperial Age
45:22 Ballistics
45:13 Masonry
44:56 Fletching
45:45 Murder Holes
45:58 Bodkin Arrow
45:46 Treadmill Crane
46:53 Vendel Legacy
47:44 Cavalier
48:04 Heavy Scorpion
51:53 Blast Furnace
51:30 Plate Barding Armor
52:08 Two-Man Saw
51:40 Crop Rotation
52:47 Stone Shaft Mining
52:15 Bracer
56:33 Architecture
57:06 Chemistry
ASPROS
0:37 Loom
11:08 Feudal Age
16:17 Castle Age
17:41 Double-Bit Axe
18:53 Horse Collar
21:40 Wheelbarrow
25:04 Gold Mining
25:51 Pikeman
28:16 Fletching
28:19 Pikeman
30:24 Bow Saw
30:32 Forging
32:08 Heavy Plow
37:58 Imperial Age
35:52 Light Cavalry
37:32 Gold Shaft Mining
37:11 Crossbowman
38:29 Bloodlines
38:19 Husbandry
39:46 Two-Man Saw
38:55 Kamandaran
40:04 Chemistry
39:25 Ballistics
38:57 Stone Mining
39:42 Hand Cart
40:02 Squires
39:36 Cavalier
40:20 Town Watch
40:31 Halberdier
40:54 Elite Skirmisher
43:19 Crop Rotation
42:11 Hussar
43:03 Thumb Ring
43:27 Heavy Camel Rider
44:53 Arson
45:04 Heavy Scorpion
46:25 Town Patrol
46:18 Gambesons
46:32 Man-at-Arms
48:26 Stone Shaft Mining
48:53 Capped Ram
50:36 Long Swordsman
51:29 Masonry
53:02 Scale Barding Armor
53:32 Iron Casting
52:53 Bodkin Arrow
52:58 Scale Mail Armor
52:59 Padded Archer Armor
53:34 Capped Ram
54:31 Citadels
56:15 Elite War Elephant
56:31 Savar
60:30 Capped Ram
63:09 Blast Furnace
62:30 Chain Barding Armor
62:25 Chain Mail Armor
63:30 Siege Ram
67:11 Plate Barding Armor
Connection lost

Rejoining the realm…

Still unreachable

The connection could not be restored.

Session expired

The server has moved on; the page needs a fresh start.